 Dungeon Crawl Stone Soup version 0.26.0-3-g156281e41b (webtiles) character file.

Game seed: 2959403137719073827

14 Anias the Sneak (level 2, -3/21 HPs)
             Began as an Octopode Delver on Jan 9, 2021.
             Slain by a hound (4 damage)
             ... on level 4 of the Dungeon.
             The game lasted 00:01:01 (101 turns).

Anias the Sneak (Octopode Delver)                    Turns: 101, Time: 00:01:02

Health: -3/21      AC:  1    Str: 14    XL:     2   Next: 45%
Magic:  0/0        EV: 13    Int: 12    God:
Gold:   6          SH:  0    Dex: 13    Spells: 1/1 levels left

rFire    . . .     SeeInvis +   c - +1 mace "Gakesits" {antimagic, *Rage rElec Str+3 SInv} (curse)
rCold    . . .     Faith    .   (no shield)
rNeg     . . .     Spirit   .   (helmet restricted)
rPois    .         Reflect  .   (no amulet)
rElec    +         Harm     .   (no ring)
rCorr    .         Rampage  .   (no ring)
Will     .....     Rnd*Rage +   (no ring)
Stlth    ++++......             (no ring)
HPRegen  0.07/turn              (no ring)
MPRegen  0.07/turn              (no ring)
                                (no ring)
                                (no ring)

@: no status effects
A: almost no armour, stealthy swim, amphibious, 8 rings, constrict 8, camouflage
1, gelatinous body 1
a: no special abilities


You were on level 4 of the Dungeon.
You visited 1 branch of the dungeon, and saw 2 of its levels.

You collected 6 gold pieces.

Inventory:

Hand Weapons
 a - a +0 falchion
 c - the cursed +1 mace "Gakesits" (weapon) {antimagic, *Rage rElec Str+3 SInv}
   (You found it on level 4 of the Dungeon)

   It reduces the magical energy of the wielder, and disrupts the spells and
   magical abilities of those hit.
   Natural abilities and divine invocations are not affected.
   It affects your strength (+3).
   It insulates you from electricity.
   It lets you see invisible.
   It may make you go berserk in combat.
   It has a curse placed upon it.
Wands
 f - a wand of digging (3)
Scrolls
 b - a scroll of fog
 d - a scroll of fear
 g - 2 scrolls of identify {unknown}
Potions
 e - a potion of haste
 h - a potion of resistance {unknown}


   Skills:
 - Level 3.0 Fighting
 - Level 2.0 Long Blades
 + Level 1.9 Maces & Flails
 - Level 2.0 Dodging
 - Level 6.6 Stealth


You had one spell level left.
You didn't know any spells.
Your spell library was empty.

Dungeon Overview and Level Annotations

Branches:
Dungeon (5/15)             Temple (0/1) D:4

Altars:


Innate Abilities, Weirdness & Mutations

You cannot wear most types of armour.
You are very stealthy in the water. (Stealth+)
You are amphibious.
You can wear up to eight rings at the same time.
You can use your tentacles to constrict eight enemies at once.
Your skin changes colour to match your surroundings (Stealth+).
Your rubbery body absorbs attacks. (AC +1, EV +1)


Message History

A hound is nearby!
You are too injured to fight recklessly!
You are too injured to fight recklessly!
You hit the hound. You squeeze the hound.
The hound is heavily wounded.
You constrict the hound, but do no damage.
The hound bites you.
* * * LOW HITPOINT WARNING * * *
The hound barely misses you.
You hit the hound but do no damage.
The hound is heavily wounded.
You constrict the hound. The hound bites you.
* * * LOW HITPOINT WARNING * * *
The hound barely misses you.
Unknown command.
You barely miss the hound.
You squeeze the hound, but do no damage.
The hound is heavily wounded.
You constrict the hound. The hound bites you.
You die...

##[..##...##...#
#..(#..###..#..#
#..#..#...#..#.#
#..#.#.###.#.#.#
#.#.#.#...#.#.##
#,#.#.#.>.#.#.#
******,#,#.#...#.#.#*
,,,,,,,,*.#.###.#.#.#**
******,,*..#,,,#@.#...*
,,* *,,.#.,**#h.#..#.#
*,* *,...**,..##...#.#
*,* **,..,,###,,..##,#
*,* *,,,,,,,,,*...,,*
,,* ****,******####,*
*** **+** *,* **,,,**
*,* ** **,,,,,** **,**


You could see a hound.

Vanquished Creatures
  A hound skeleton (D:4)
  A giant cockroach (D:4)
  A quokka (D:4)
3 creatures vanquished.

Notes
Turn   | Place    | Note
-------+----------+-------------------------------------------
     0 | D:5      | Anias the Octopode Delver began the quest for the Orb.
     0 | D:5      | Reached XP level 1. HP: 16/16 MP: 1/1
    25 | D:4      | Got an ancient mace
    26 | D:4      | Identified the cursed +1 mace "Gakesits" {antimagic, *Rage
                  | rElec Str+3 SInv} (You found it on level 4 of the Dungeon)
    63 | D:4      | Reached skill level 1 in Maces & Flails
    63 | D:4      | Reached XP level 2. HP: 21/21 MP: 0/2
    81 | D:4      | Found a staircase to the Ecumenical Temple.
   100 | D:4      | HP: 1/21 [hound (4)]
   101 | D:4      | Slain by a hound

Illustrated notes

Levels and vault maps discovered:
D:4:      layout_loops_corners, kennysheep_little_box,
          minmay_temple_entry_steel_oval, gup_sewer_entry_bubbles,
          nicolae_zen_rock_garden, minmay_diced_spiral
D:5:      layout_rooms, lemuel_round_altar, ebering_ghost_reflecting_pool,
          uniq_prince_ribbit1

Skill      XL: |  1 |
---------------+----+-----
Maces & Flails | 1 |  1.9
Fighting       | |  3.0
Long Blades    | |  2.0
Dodging        | |  2.0
Stealth        | |  6.6

Action                   || total
-------------------------++-------
Melee: Mace              ||    10
       Tentacles         ||     4
       Constrict         ||     2
  Use: Scroll            ||     1
Dodge: Dodged            ||     8
